3A
KINGSTON MANGOS @ CUT OFF CRAWDADS
09/02/2048
 
TOP OF THE 1ST
Kingston Mangos batting - Pitching for Cut Off Crawdads : RHP Bill Draper
Pitching: RHP Bill Draper
Batting: RHB Júlio Vega 0-0: Called Strike
0-1: Foul Ball, location: 2F
0-2: Ball
1-2: Strikes out swinging
Batting: LHB Jeff Roest 0-0: Ball
1-0: Ball
2-0: Foul Ball, location: 2F
2-1: SINGLE (Line Drive, 89M, EV 103.1 MPH)
Batting: SHB Sergio López 0-0: Foul Ball, location: 2F
0-1: Ball
1-1: Foul Ball, location: 2F
1-2: Ball
2-2: SINGLE (Line Drive, 8LS, EV 103.1 MPH)
Jeff Roest to second
Batting: RHB Lucas Lerwill 0-0: Ball
1-0: Foul Ball, location: 2F
1-1: Called Strike
1-2: Foul Ball, location: 2F
1-2: Foul Ball, location: 2F
1-2: Fielders Choice at 2nd, 6-4 (Groundball, 6M, EV 81.2 MPH)
Jeff Roest to third
Batting: LHB Gabriel Quintana 0-0: Ball
1-0: Foul Ball, location: 2F
1-1: Ball
2-1: Swinging Strike
2-2: Ball
3-2: Strikes out swinging
Top of the 1st over - 0 runs, 2 hits, 0 errors, 2 left on base; Kingston 0 - Cut Off 0
BOTTOM OF THE 1ST
Cut Off Crawdads batting - Pitching for Kingston Mangos : LHP Lu Tan
Pitching: LHP Lu Tan
Batting: RHB Alfonso Soto 0-0: Ball
1-0: Swinging Strike
1-1: Swinging Strike
1-2: Ball
2-2: Ground out 6-3 (Groundball, 6, EV 105.0 MPH)
Batting: SHB Kevin Swanson 0-0: Ball
1-0: Ball
2-0: Ball
3-0: Called Strike
3-1: Foul Ball, location: 2F
3-2: Foul Ball, location: 2F
3-2: Foul Ball, location: 2F
3-2: Foul Ball, location: 2F
3-2: Base on Balls
Batting: SHB Yuan Mo 0-0: Swinging Strike
0-1: Ball
1-1: Swinging Strike
1-2: Ball
2-2: SINGLE (Line Drive, 9LS, EV 108.8 MPH)
Kevin Swanson to second
Batting: RHB Jean-Claude Leprêtre 0-0: Called Strike
0-1: Swinging Strike
0-2: Ball
1-2: Strikes out swinging
Batting: LHB Kun Chieu 0-0: Ball
1-0: Ball
2-0: Called Strike
2-1: Foul Ball, location: 2F
2-2: SINGLE (Groundball, 34D, EV 103.1 MPH) (infield hit)
Kevin Swanson to third
Yuan Mo to second
Batting: RHB Travis Hayes 0-0: Fly out, F6 (Popup, 6MD, EV 55.0 MPH)
Bottom of the 1st over - 0 runs, 2 hits, 0 errors, 3 left on base; Kingston 0 - Cut Off 0
TOP OF THE 2ND
Kingston Mangos batting - Pitching for Cut Off Crawdads : RHP Bill Draper
Batting: SHB Bradley Whaley 0-0: Called Strike
0-1: Ball
1-1: Called Strike
1-2: Strikes out swinging
Batting: LHB Ted Ward 0-0: Ball
1-0: Swinging Strike
1-1: DOUBLE (Line Drive, 78D, EV 113.8 MPH)
Batting: RHB Takechi Estribera 0-0: Called Strike
0-1: SINGLE (Line Drive, 4M, EV 105.0 MPH)
Ted Ward to third
Batting: RHB Luis Martínez 0-0: Called Strike
0-1: Grounds into double play, 6-4-3 (Groundball, 6, EV 95.6 MPH)
Top of the 2nd over - 0 runs, 2 hits, 0 errors, 1 left on base; Kingston 0 - Cut Off 0
BOTTOM OF THE 2ND
Cut Off Crawdads batting - Pitching for Kingston Mangos : LHP Lu Tan
Batting: LHB Rick Wilson 0-0: Foul Ball, location: 2F
0-1: Ball
1-1: Foul Ball, location: 2F
1-2: Foul Ball, location: 2F
1-2: Ball
2-2: Foul Ball, location: 2F
2-2: DOUBLE (Line Drive, 7LM, EV 100.0 MPH)
Batting: LHB Andrés Torres 0-0: Called Strike
0-1: Ball
1-1: Foul Ball, location: 2F
1-2: Strikes out swinging
Batting: LHB Keng-chi Zhou 0-0: Ball
1-0: Ball
2-0: Ground out U3 (Groundball, 34S, EV 85.0 MPH)
Rick Wilson to third
Batting: RHB Alfonso Soto 0-0: Fly out, F5 (Flyball, 56D, EV 82.5 MPH)
Bottom of the 2nd over - 0 runs, 1 hit, 0 errors, 1 left on base; Kingston 0 - Cut Off 0
TOP OF THE 3RD
Kingston Mangos batting - Pitching for Cut Off Crawdads : RHP Bill Draper
Batting: RHB Júlio Vega 0-0: Called Strike
0-1: Ball
1-1: Foul Ball, location: 2F
1-2: Strikes out swinging, 2-3 out at first.
Batting: LHB Jeff Roest 0-0: SINGLE (Groundball, P, EV 75.6 MPH) (infield hit)
Batting: SHB Sergio López 0-0: Ball
1-0: Ball
2-0: Swinging Strike
2-1: Ball
3-1: Called Strike
3-2: Grounds into double play, 3-6-3 (Groundball, 3, EV 105.0 MPH)
Top of the 3rd over - 0 runs, 1 hit, 0 errors, 0 left on base; Kingston 0 - Cut Off 0
BOTTOM OF THE 3RD
Cut Off Crawdads batting - Pitching for Kingston Mangos : LHP Lu Tan
Batting: SHB Kevin Swanson 0-0: Fly out, F8 (Flyball, 8LD, EV 84.4 MPH)
Batting: SHB Yuan Mo 0-0: Ball
1-0: Ground out 5-3 (Groundball, 56, EV 81.9 MPH)
Batting: RHB Jean-Claude Leprêtre 0-0: Called Strike
0-1: Ball
1-1: Ball
2-1: Fly out, F7 (Flyball, 78M, EV 83.1 MPH)
Bottom of the 3rd over - 0 runs, 0 hits, 0 errors, 0 left on base; Kingston 0 - Cut Off 0
TOP OF THE 4TH
Kingston Mangos batting - Pitching for Cut Off Crawdads : RHP Bill Draper
Batting: RHB Lucas Lerwill 0-0: Foul Ball, location: 2F
0-1: Ball
1-1: Swinging Strike
1-2: Foul Ball, location: 2F
1-2: Ball
2-2: Foul Ball, location: 2F
2-2: Ball
3-2: Fly out, F8 (Flyball, 8RXD, EV 101.2 MPH)
Batting: LHB Gabriel Quintana 0-0: Called Strike
0-1: Called Strike
0-2: Ball
1-2: Ball
2-2: Strikes out swinging
Batting: SHB Bradley Whaley 0-0: Foul Ball, location: 2F
0-1: SOLO HOME RUN (Flyball, 9D, EV 100.0 MPH), Distance : 403 ft
Batting: LHB Ted Ward 0-0: Called Strike
0-1: Foul Ball, location: 2F
0-2: Ball
1-2: Ball
2-2: Ball
3-2: Ground out U3 (Groundball, 3S, EV 87.5 MPH)
Top of the 4th over - 1 run, 1 hit, 0 errors, 0 left on base; Kingston 1 - Cut Off 0
BOTTOM OF THE 4TH
Cut Off Crawdads batting - Pitching for Kingston Mangos : LHP Lu Tan
Batting: LHB Kun Chieu 0-0: Foul Ball, location: 2F
0-1: Fly out, F3 (Line Drive, 3, EV 66.2 MPH)
Batting: RHB Travis Hayes 0-0: Ball
1-0: Ball
2-0: Foul Ball, location: 2F
2-1: Ground out 6-3 (Groundball, 6S, EV 81.2 MPH)
Batting: LHB Rick Wilson 0-0: Swinging Strike
0-1: Ball
1-1: SINGLE (Flyball, 8RS, EV 83.8 MPH)
Batting: LHB Andrés Torres 0-0: Ball
1-0: Fly out, F8 (Flyball, 8LS, EV 81.2 MPH)
Bottom of the 4th over - 0 runs, 1 hit, 0 errors, 1 left on base; Kingston 1 - Cut Off 0
TOP OF THE 5TH
Kingston Mangos batting - Pitching for Cut Off Crawdads : RHP Bill Draper
Batting: RHB Takechi Estribera 0-0: Fly out, F8 (Flyball, 78M, EV 91.9 MPH)
Batting: RHB Luis Martínez 0-0: Ground out 5-3 (Groundball, 56S, EV 89.4 MPH)
Batting: RHB Júlio Vega 0-0: DOUBLE (Flyball, 89XD, EV 95.6 MPH)
Batting: LHB Jeff Roest 0-0: Ball
1-0: Ball
2-0: Ball
3-0: Base on Balls
Batting: SHB Sergio López 0-0: Ball
1-0: Swinging Strike
1-1: Ball
2-1: Swinging Strike
2-2: Ball
3-2: Fly out, F8 (Flyball, 8LD, EV 95.0 MPH)
Top of the 5th over - 0 runs, 1 hit, 0 errors, 2 left on base; Kingston 1 - Cut Off 0
BOTTOM OF THE 5TH
Cut Off Crawdads batting - Pitching for Kingston Mangos : LHP Lu Tan
Batting: LHB Keng-chi Zhou 0-0: Fly out, F3 (Flyball, 3D, EV 86.9 MPH)
Batting: RHB Alfonso Soto 0-0: Called Strike
0-1: Ground out 4-3 (Groundball, 4, EV 101.9 MPH)
Batting: SHB Kevin Swanson 0-0: Ball
1-0: Ball
2-0: Ball
3-0: Foul Ball, location: 2F
3-1: Ground out 4-3 (Groundball, 4, EV 81.9 MPH)
Bottom of the 5th over - 0 runs, 0 hits, 0 errors, 0 left on base; Kingston 1 - Cut Off 0
TOP OF THE 6TH
Kingston Mangos batting - Pitching for Cut Off Crawdads : RHP Bill Draper
Batting: RHB Lucas Lerwill 0-0: Called Strike
0-1: Foul Ball, location: 2F
0-2: Strikes out looking
Batting: LHB Gabriel Quintana 0-0: Ball
1-0: Ball
2-0: Foul Ball, location: 2F
2-1: Fly out, F8 (Flyball, 8LM, EV 83.1 MPH)
Batting: SHB Bradley Whaley 0-0: Swinging Strike
0-1: Ball
1-1: SINGLE (Line Drive, 4M, EV 96.9 MPH)
Pitching: RHP Rob Tate
Batting: LHB Ted Ward 0-0: Called Strike
0-1: Called Strike
0-2: Strikes out looking
Top of the 6th over - 0 runs, 1 hit, 0 errors, 1 left on base; Kingston 1 - Cut Off 0
BOTTOM OF THE 6TH
Cut Off Crawdads batting - Pitching for Kingston Mangos : LHP Lu Tan
Batting: SHB Yuan Mo 0-0: SINGLE (Flyball, 6D, EV 88.8 MPH)
Batting: RHB Jean-Claude Leprêtre 0-0: Foul Ball, location: 2F
0-1: Foul Ball, location: 2F
0-2: Ball
1-2: Strikes out swinging
Batting: LHB Kun Chieu 0-0: Ball
1-0: Reached on error, E5 (Groundball, 56S, EV 78.8 MPH)
Yuan Mo to second
Batting: RHB Travis Hayes 0-0: Called Strike
0-1: Swinging Strike
0-2: Foul Ball, location: 2F
0-2: Ball
1-2: Foul Ball, location: 2F
1-2: Strikes out looking
Batting: LHB Rick Wilson 0-0: Called Strike
0-1: Fielders Choice at 2nd, 6-4 (Groundball, 6, EV 87.5 MPH)
Bottom of the 6th over - 0 runs, 1 hit, 1 error, 2 left on base; Kingston 1 - Cut Off 0
TOP OF THE 7TH
Kingston Mangos batting - Pitching for Cut Off Crawdads : RHP Rob Tate
Batting: RHB Takechi Estribera 0-0: Swinging Strike
0-1: SINGLE (Line Drive, 89S, EV 110.0 MPH)
Batting: RHB Luis Martínez 0-0: Bunted foul
0-1: Bunted foul
0-2: Strikes out swinging
Batting: RHB Júlio Vega 0-0: Called Strike
0-1: Foul Ball, location: 2F
0-2: Foul Ball, location: 2F
0-2: Foul Ball, location: 2F
0-2: Strikes out swinging
Batting: LHB Jeff Roest 0-0: Ball
1-0: Swinging Strike
1-1: Ground out 1-3 (Groundball, 34S, EV 71.2 MPH)
Top of the 7th over - 0 runs, 1 hit, 0 errors, 1 left on base; Kingston 1 - Cut Off 0
BOTTOM OF THE 7TH
Cut Off Crawdads batting - Pitching for Kingston Mangos : LHP Lu Tan
Pitching: RHP Kung Sha
Batting: LHB Andrés Torres 0-0: Foul Ball, location: 2F
0-1: Foul Ball, location: 2F
0-2: Foul Ball, location: 2F
0-2: Strikes out swinging
Batting: LHB Keng-chi Zhou 0-0: Called Strike
0-1: Ball
1-1: Foul Ball, location: 2F
1-2: Ball
2-2: Foul Ball, location: 2F
2-2: Strikes out swinging
Batting: RHB Alfonso Soto 0-0: Hit by Pitch
Batting: SHB Kevin Swanson 0-0: Foul Ball, location: 2F
0-1: Called Strike
0-2: Fly out, F7 (Flyball, 7LM, EV 83.8 MPH)
Bottom of the 7th over - 0 runs, 0 hits, 0 errors, 1 left on base; Kingston 1 - Cut Off 0
TOP OF THE 8TH
Kingston Mangos batting - Pitching for Cut Off Crawdads : RHP Rob Tate
Batting: SHB Sergio López 0-0: Ball
1-0: Ball
2-0: Called Strike
2-1: Foul Ball, location: 2F
2-2: Foul Ball, location: 2F
2-2: Foul Ball, location: 2F
2-2: Ground out 6-3 (Groundball, 6, EV 85.6 MPH)
Batting: RHB Lucas Lerwill 0-0: Called Strike
0-1: Ball
1-1: Ball
2-1: Ball
3-1: Foul Ball, location: 2F
3-2: Foul Ball, location: 2F
3-2: Foul Ball, location: 2F
3-2: Base on Balls
Batting: LHB Gabriel Quintana 0-0: Called Strike
0-1: Foul Ball, location: 2F
0-2: Fly out, F8 (Flyball, 8LXD, EV 99.4 MPH)
Batting: SHB Bradley Whaley 0-0: Called Strike
Lucas Lerwill steals 2nd base
0-1: Swinging Strike
0-2: Ball
1-2: SINGLE (Groundball, 4D, EV 96.9 MPH)
Lucas Lerwill to third
Runner from 3rd tries for Home, SAFE, throw by CF to home
Batting: LHB Ted Ward 0-0: Ball
1-0: 2-RUN HOME RUN (Flyball, 9LD, EV 98.1 MPH), Distance : 357 ft
Pitching: RHP Jason Tipton
Batting: RHB Takechi Estribera 0-0: Fly out, F8 (Flyball, 8RM, EV 85.0 MPH)
Top of the 8th over - 3 runs, 2 hits, 0 errors, 0 left on base; Kingston 4 - Cut Off 0
BOTTOM OF THE 8TH
Cut Off Crawdads batting - Pitching for Kingston Mangos : RHP Kung Sha
Batting: SHB Yuan Mo 0-0: Foul Ball, location: 2F
0-1: DOUBLE (Line Drive, 5D, EV 104.4 MPH)
Batting: RHB Jean-Claude Leprêtre 0-0: Called Strike
0-1: Foul Ball, location: 2F
0-2: Fly out, F5 (Flyball, 5D, EV 90.0 MPH)
Batting: LHB Kun Chieu 0-0: Ball
1-0: Foul Ball, location: 2F
1-1: Ball
2-1: SINGLE (Line Drive, 7LS, EV 91.2 MPH)
Yuan Mo to third
Runner from 3rd tries for Home, SAFE, throw by LF to home
Batting: RHB Travis Hayes 0-0: Swinging Strike
0-1: Ball
1-1: Ball
2-1: Foul Ball, location: 2F
2-2: Fly out, F8 (Line Drive, 8LM, EV 85.6 MPH)
Batting: LHB Rick Wilson 0-0: Called Strike
0-1: Swinging Strike
0-2: Strikes out looking
Bottom of the 8th over - 1 run, 2 hits, 0 errors, 1 left on base; Kingston 4 - Cut Off 1
TOP OF THE 9TH
Kingston Mangos batting - Pitching for Cut Off Crawdads : RHP Jason Tipton
Batting: RHB Luis Martínez 0-0: Ball
1-0: Ball
2-0: Called Strike
2-1: DOUBLE (Groundball, 5L, EV 105.0 MPH)
Batting: RHB Júlio Vega 0-0: Bunt missed!
0-1: Bunted foul
0-2: Fly out, F8 (Flyball, 8LS, EV 91.2 MPH)
Batting: LHB Jeff Roest 0-0: Swinging Strike
0-1: Called Strike
0-2: Strikes out swinging
Batting: SHB Sergio López 0-0: Intentional Walk
Batting: RHB Lucas Lerwill 0-0: Foul Ball, location: 2F
0-1: Ball
1-1: Foul Ball, location: 2F
1-2: Strikes out swinging
Top of the 9th over - 0 runs, 1 hit, 0 errors, 2 left on base; Kingston 4 - Cut Off 1
BOTTOM OF THE 9TH
Cut Off Crawdads batting - Pitching for Kingston Mangos : RHP Kung Sha
Pitching: LHP Sing Song
Batting: LHB Andrés Torres 0-0: Ball
1-0: Called Strike
1-1: Called Strike
1-2: Ball
2-2: Fly out, F9 (Flyball, 9D, EV 87.5 MPH)
Pinch Hitting: RHB Kyung-ryul Ko 0-0: Foul Ball, location: 2F
0-1: Fly out, F8 (Flyball, 8LD, EV 86.9 MPH)
Batting: RHB Alfonso Soto 0-0: Called Strike
0-1: Foul Ball, location: 2F
0-2: Strikes out swinging
Bottom of the 9th over - 0 runs, 0 hits, 0 errors, 0 left on base; Kingston 4 - Cut Off 1
Monday, October 31st , 2022 - OOTP Baseball 22.12 Build 89